 Dungeon Crawl Stone Soup version 0.27.1-34-g3ba077fa99 (webtiles) character file.

Game seed: 11387485084164381227

42 Descartes the Grasshopper (level 3, -2/27 HPs)
             Began as a Demonspawn Warper on Jan 20, 2022.
             Succumbed to an adder's poison
             ... on level 2 of the Dungeon.
             The game lasted 00:01:58 (1465 turns).

Descartes the Grasshopper (Demonspawn Warper)       Turns: 1465, Time: 00:01:59

Health: -2/27      AC:  6    Str: 12    XL:     3   Next: 33%
Magic:  6/6        EV: 11    Int: 14    God:
Gold:   15         SH:  0    Dex: 12    Spells: 6/6 levels left

rFire    . . .     SeeInvis .   a - +0 mace
rCold    . . .     Faith    .   (no shield)
rNeg     . . .     Spirit   .   b - +0 leather armour
rPois    .         Reflect  .   (no helmet)
rElec    .         Harm     .   (no cloak)
rCorr    .         Rampage  .   (no gloves)
Will     .....                  (no boots)
Stlth    +.........             (no amulet)
HPRegen  0.09/turn              (no ring)
MPRegen  0.10/turn              (no ring)

@: lethally poisoned (-2 -> -15), hasted, very quick
A: icy blue scales 2
a: no special abilities


You were on level 2 of the Dungeon.
You visited 1 branch of the dungeon, and saw 2 of its levels.

You collected 15 gold pieces.

Inventory:

Hand Weapons
 a - a +0 mace (weapon)
 l - a +1 dagger of freezing
Missiles
 d - 5 boomerangs of dispersal (quivered)
 i - 5 poisoned darts
 k - 60 stones
 m - a throwing net
Armour
 b - a +0 leather armour (worn)
Jewellery
 j - a ring of protection from cold
 n - an amulet of guardian spirit
Wands
 q - a wand of charming (8)
Scrolls
 c - a scroll of blinking
 f - a scroll of identify {unknown}
 h - a scroll of enchant armour {unknown}
 o - a scroll of immolation {unknown}
Potions
 g - a potion of attraction {unknown}
 p - a potion of brilliance {unknown}


   Skills:
 - Level 2.0 Fighting
 + Level 2.7 Maces & Flails
 - Level 0.8 Throwing
 - Level 0.8 Armour
 - Level 1.7 Dodging
 - Level 2.0 Spellcasting
 + Level 3.4 Translocations


You had 6 spell levels left.
You didn't know any spells.
Your spell library contained the following spells:

 Spells                   Type           Power      Damage    Failure   Level
 Blink                    Tloc           N/A        N/A       11%         2
 Gell's Gravitas          Tloc           5%         N/A       22%         3
 Lesser Beckoning         Tloc           5%         N/A       22%         3
 Teleport Other           Tloc           11%        N/A       22%         3
 Corona                   Hex            1%         N/A       30%         1
 Ensorcelled Hibernation  Hex/Ice        2%         N/A       41%         2
 Tukima's Dance           Hex            1%         N/A       65%         3
 Manifold Assault         Tloc           11%        N/A       90%         5


Dungeon Overview and Level Annotations

Branches:
Dungeon (2/15)

Altars:


Innate Abilities, Weirdness & Mutations

You are mostly covered in icy blue scales. (AC +3)


Message History

No target in view!
No target in view!
No target in view!
No target in view!
No target in view!
No target in view!
q - a wand of charming (8)
An adder comes into view.
You barely miss the adder.
The adder hisses angrily.
The adder bites you.
You are poisoned.
The adder poisons you! The adder bites you but does no damage.
You barely miss the adder.
You feel sick. The adder bites you.
You closely miss the adder.
You feel sick. The adder barely misses you. x2
You thump the adder!
The adder is severely wounded.
You feel sick. The adder bites you.
You are more poisoned.
The adder poisons you! The adder bites you.
You are lethally poisoned!
The adder poisons you!
You miss the adder.
The adder is severely wounded.
You feel very sick. The adder barely misses you.
You barely miss the adder.
The adder is severely wounded.
* * * LOW HITPOINT WARNING * * *
You feel very sick. The adder barely misses you.
The adder completely misses you.
You closely miss the adder.
The adder is severely wounded.
* * * LOW HITPOINT WARNING * * *
You feel sick. The adder bites you.
* * * LOW HITPOINT WARNING * * *
You are more poisoned.
The adder poisons you! The adder bites you but does no damage.
It was a potion of haste.
You feel yourself speed up.
You die...

#### ##..##.# #.. ..#
#......# .... #.#
##.###### ...#
####.###...##### ...
#..............#
#......##.###...###.#
#.## #.# ##.## #S##
#.####.#
##@####...##.#
#.........##.#
#.#######..##.# #.#
#..# .# #.. #..# ##
.... #..## #..# ..#


You could see an adder.

Vanquished Creatures
  An adder (D:2)
  A bat (D:1)
  2 endoplasms (D:1)
  4 goblins (D:1)
  8 hobgoblins
  A kobold (D:2)
  2 quokkas
  3 ball pythons (D:1)
  3 frilled lizards (D:1)
  4 rats
29 creatures vanquished.

Notes
Turn   | Place    | Note
-------+----------+-------------------------------------------
     0 | D:1      | Descartes the Demonspawn Warper began the quest for the
                  | Orb.
     0 | D:1      | Reached XP level 1. HP: 16/16 MP: 3/3
   328 | D:1      | Reached skill level 3 in Translocations
   328 | D:1      | Gained mutation: You are partially covered in icy blue
                  | scales. (AC +2) [demonic ancestry]
   328 | D:1      | Reached XP level 2. HP: 17/22 MP: 5/5
  1004 | D:2      | Gained mutation: You are mostly covered in icy blue scales.
                  | (AC +3) [demonic ancestry]
  1004 | D:2      | Reached XP level 3. HP: 27/27 MP: 6/6
  1464 | D:2      | HP: 1/27 [adder (4)]
  1465 | D:2      | Succumbed to an adder's poison

Illustrated notes

Levels and vault maps discovered:
D:1:      mushboom_english_gardens, layout_rooms
D:2:      layout_loops_ring, ebering_ecumenical_altar_rust, basic_altar

Skill      XL: |  1 |
---------------+----+-----
Maces & Flails | 2 |  2.7
Translocations | 3 |  3.4
Fighting       | |  2.0
Throwing       | |  0.8
Armour         | |  0.8
Dodging        | |  1.7
Spellcasting   | |  2.0

Action                   || total
-------------------------++-------
Melee: Mace              ||    98
  Use: Potion            ||     1
Armor: Leather armour    ||    38
Dodge: Dodged            ||    82
